 Dungeon Crawl Stone Soup version 0.18.1-48-g4cf74bf (webtiles) character file.

4772 sudo the Carver (level 10, -3/68 HPs)
             Began as a High Elf Fighter on June 29, 2016.
             Was a High Priest of Okawaru.
             Slain by a killer bee (5 damage)
             ... on level 8 of the Dungeon.
             The game lasted 00:13:58 (7403 turns).

sudo the Carver (High Elf Fighter)                  Turns: 7403, Time: 00:13:59

Health: -3/68      AC: 16    Str: 18    XL:     10   Next: 23%
Magic:  15/15      EV:  7    Int: 13    God:    Okawaru [*****.]
Gold:   240        SH:  9    Dex: 15    Spells: 0 memorised, 9 levels left

rFire  + . .     SeeInvis .     a - +1 long sword
rCold  . . .     Gourm    .     l - +0 chain mail
rNeg   . . .     Faith    .     c - +0 shield
rPois  .         Spirit   .     (helmet restricted)
rElec  .         Dismiss  .     w - +0 cloak
rCorr  .         Reflect  .     F - +1 pair of gloves
SustAt .         Harm     .     s - +1 pair of boots
MR     ++...     Clarity  +     B - amulet of regeneration
Stlth  ..........               M - ring of protection from fire
                                b - ring of protection from magic

@: lethally poisoned (-3 -> -5), very resistant to hostile enchantments,
extremely unstealthy
A: antennae 1, clarity, sense surroundings 1, regeneration 1, wild magic 1
a: Heroism, Finesse, Renounce Religion


You were on level 8 of the Dungeon.
You worshipped Okawaru.
Okawaru was extremely pleased with you.
You were not hungry.

You visited 1 branch of the dungeon, and saw 8 of its levels.

You collected 415 gold pieces.
You spent 175 gold pieces at shops.

Inventory:

Hand Weapons
 a - a +1 long sword (weapon)
Armour
 c - a +0 shield (worn)
 l - a +0 chain mail (worn)
 s - a +1 pair of boots (worn)
 w - a +0 cloak (worn)
 F - a +1 pair of gloves (worn)
 G - the +0 leather armour of Muikh {+Fly}
   (You bought it in a shop on level 7 of the Dungeon)

   It lets you fly.
 J - a +2 helmet
Jewellery
 b - a ring of protection from magic (left hand)
 m - an uncursed ring of resist corrosion
 n - an uncursed ring of positive energy
 B - an amulet of regeneration (around neck)
 M - a ring of protection from fire (right hand)
Wands
 g - a wand of lightning (0/15)
 A - a wand of teleportation (5/9)
 E - a wand of enslavement (6/24)
 H - a wand of slowing (15/48)
 L - a wand of acid (4/15)
Scrolls
 d - a scroll of enchant weapon
 i - 3 scrolls of teleportation
 k - 2 scrolls of random uselessness {unknown}
 q - a scroll of amnesia
 v - a scroll of blinking
 y - a scroll of remove curse
 I - 2 scrolls of enchant armour {unknown}
 K - a scroll of fear {unknown}
Potions
 e - a potion of mutation
 h - 2 potions of ambrosia {unknown}
 j - a potion of heal wounds
 r - a potion of cure mutation {unknown}
 t - a potion of agility {unknown}
 u - 3 potions of curing
 x - 2 potions of haste {unknown}
 z - a potion of degeneration {unknown}
 C - a potion of experience {unknown}
Books
 D - a Necronomicon

   Spells                             Type                      Level
   a - Haunt                          Necromancy/Summoning         7
   b - Borgnjor's Revivification      Necromancy                   8
   c - Death's Door                   Charms/Necromancy            8
   d - Necromutation                  Transmutation/Necromancy     8
Comestibles
 f - 4 bread rations
 o - 3 meat rations
 N - 3 chunks of flesh


   Skills:
 + Level 6.2 Fighting
 * Level 12.0 Long Blades
 + Level 6.4 Armour
 + Level 4.9 Dodging
 - Level 2.6 Shields
 * Level 5.9 Invocations
 + Level 0.2 Evocations


You had 9 spell levels left.
You didn't know any spells.

Dungeon Overview and Level Annotations

Branches:
Dungeon (8/15)             Temple (0/1) D:5            Lair (0/8) D:8

Altars:
Ashenzari
Cheibriados
Dithmenos
Fedhas
Gozag
Kikubaaqudgha
Makhleb
Nemelex Xobeh
Okawaru
Pakellas
Qazlal
Sif Muna
Trog
Zin

Shops:
D:7 [


Innate Abilities, Weirdness & Mutations

You have a pair of small antennae on your head.
You possess an exceptional clarity of mind.
You passively map a small area around you.
Your natural rate of healing is unusually fast.
Your spells are a little harder to cast, but a little more powerful.


Message History

* * * LOW HITPOINT WARNING * * *
You are more poisoned.
The killer bee poisons you! The killer bee closely misses you.
You closely miss the killer bee.
You feel sick. The killer bee barely misses you.
The killer bee stings you but does no damage.
Your shield and chain mail prevent you from hitting the killer bee.
You feel sick.
The killer bee stings you but does no damage.
You closely miss the killer bee.
You feel sick. The killer bee stings you.
* * * LOW HITPOINT WARNING * * *
The killer bee closely misses you. You block the jackal's attack.
You miss the killer bee.
You feel sick.
The killer bee stings you but does no damage.
The jackal closely misses you. The killer bee stings you!
* * * LOW HITPOINT WARNING * * *
You hit the killer bee but do no damage.
* * * LOW HITPOINT WARNING * * *
You feel sick. The killer bee stings you.
You die...

* #.............# ,
#####...†....######### *
##........#..#.>..#
#.........##......#
#=........##......#
#....#######......#
######.(.............###
#........yh..........#
#........@...........#
#....................#
#...............†....#
#................##..#
####.#####.......##..##
#...§......######..#
#..†≈≈.....# #..#
#..≈§§≈≈≈..## ##.#
#..§§.≈≈≈≈..# #.##


You could see a killer bee and a jackal.

Vanquished Creatures
  2 centaur zombies (D:8)
  A cyclops (D:6)
  A hungry ghost (D:7)
  2 hell hounds (D:8)
  A water moccasin (D:6)
  2 orc warriors (D:7)
  An ice beast (D:6)
  A sky beast (D:8)
  A wasp (D:8)
  A phantom (D:7)
  3 eyes of draining (D:5)
  6 ogres
  4 centaurs
  2 giant frogs (D:6)
  A wyvern skeleton (D:8)
  10 killer bees
  2 scorpions
  The ghost of sudo the Skirmisher, a weakling HEFi of Makhleb (D:3)
  2 howler monkeys
  4 crimson imps
  A giant frog zombie (D:5)
  4 hounds
  2 orc priests (D:7)
  A centaur skeleton (D:7)
  2 jellies
  A giant frog skeleton (D:6)
  Jessica (D:3)
  4 iguanas
  6 orc wizards
  4 worker ants
  A hound skeleton (D:5)
  A howler monkey zombie (D:7)
  2 worker ant zombies
  7 gnolls
  6 adders
  2 oozes
  An adder skeleton (D:6)
  3 worms
  3 dart slugs
  5 giant geckos
  24 orcs
  4 giant cockroaches
  7 goblins
  7 hobgoblins
  10 jackals
  4 quokkas
  5 bats
  2 giant newts
  7 kobolds
  3 rats (D:1)
178 creatures vanquished.

Vanquished Creatures (others)
  A rakshasa (D:2)
  An orc wizard (D:7)
  A jackal (D:2)
3 creatures vanquished.

Grand Total: 181 creatures vanquished

Notes
Turn   | Place    | Note
--------------------------------------------------------------
     0 | D:1      | sudo the High Elf Fighter began the quest for the Orb.
     0 | D:1      | Reached XP level 1. HP: 16/16 MP: 2/2
   270 | D:1      | Reached XP level 2. HP: 14/21 MP: 3/3
   824 | D:2      | Found a faded altar to an unknown god.
   871 | D:2      | Became a worshipper of Warmaster Okawaru
   871 | D:2      | Reached * piety under Okawaru
   874 | D:2      | Found a stormy altar of Qazlal.
   964 | D:2      | Reached XP level 3. HP: 11/26 MP: 4/4
  1243 | D:2      | Reached skill level 1 in Dodging
  1579 | D:2      | Found an oddly glowing altar of Pakellas.
  1579 | D:2      | Noticed a rakshasa
  1594 | D:2      | Killed a rakshasa
  1642 | D:3      | Found a shadowy altar of Dithmenos.
  1784 | D:3      | Reached XP level 4. HP: 11/32 MP: 5/5
  2057 | D:3      | Noticed Jessica
  2087 | D:3      | Killed Jessica
  2087 | D:3      | Reached skill level 3 in Long Blades
  2087 | D:3      | Reached skill level 1 in Invocations
  2483 | D:3      | Noticed sudo's ghost (weakling HEFi)
  2496 | D:3      | Killed sudo's ghost
  2496 | D:3      | Reached XP level 5. HP: 24/37 MP: 6/6
  3053 | D:3      | Found a deep blue altar of Sif Muna.
  3128 | D:4      | Found a blossoming altar of Fedhas.
  3142 | D:4      | Found a snail-covered altar of Cheibriados.
  3279 | D:4      | Found an ancient bone altar of Kikubaaqudgha.
  3293 | D:4      | Reached skill level 4 in Long Blades
  3319 | D:4      | Gained mutation: Your natural rate of healing is unusually fast. [potion of mutation]
  3319 | D:4      | Gained mutation: Your spells are a little harder to cast, but a little more powerful. [potion of mutation]
  3319 | D:4      | Gained mutation: You have a pair of small antennae on your head. [potion of mutation]
  3367 | D:4      | Found a glowing silver altar of Zin.
  3686 | D:4      | Reached ** piety under Okawaru
  3686 | D:4      | Reached XP level 6. HP: 43/43 MP: 8/8
  3882 | D:5      | Entered Level 5 of the Dungeon
  3980 | D:5      | Found a staircase to the Ecumenical Temple.
  3997 | D:5      | Found a bloodstained altar of Trog.
  4017 | D:5      | Reached skill level 5 in Long Blades
  4027 | D:5      | Reached XP level 7. HP: 48/48 MP: 0/9
  4301 | D:5      | Reached skill level 6 in Long Blades
  4383 | D:5      | Reached *** piety under Okawaru
  4705 | D:5      | Reached skill level 7 in Long Blades
  4705 | D:5      | Reached skill level 5 in Armour
  4705 | D:5      | Reached XP level 8. HP: 50/54 MP: 11/11
  5033 | D:6      | Noticed a cyclops
  5053 | D:6      | Killed a cyclops
  5053 | D:6      | Reached skill level 5 in Fighting
  5053 | D:6      | Reached skill level 8 in Long Blades
  5261 | D:6      | Found an opulent altar of Gozag.
  5336 | D:6      | Reached skill level 9 in Long Blades
  5360 | D:6      | Reached **** piety under Okawaru
  5456 | D:6      | Reached XP level 9. HP: 61/61 MP: 13/13
  5662 | D:7      | Reached skill level 10 in Long Blades
  5705 | D:7      | Found a shattered altar of Ashenzari.
  5705 | D:7      | Found a sparkling altar of Nemelex Xobeh.
  5705 | D:7      | Found a burning altar of Makhleb.
  5831 | D:7      | Reached skill level 5 in Invocations
  6024 | D:7      | Found Zedousuh's Antique Armour Shop.
  6073 | D:7      | Bought an ancient leather armour for 175 gold pieces
  6083 | D:7      | Identified the +0 leather armour of Muikh {+Fly} (You bought it in a shop on level 7 of the Dungeon)
  6440 | D:7      | Reached skill level 11 in Long Blades
  6929 | D:8      | Reached ***** piety under Okawaru
  6940 | D:8      | Reached XP level 10. HP: 36/68 MP: 15/15
  7153 | D:8      | Gained mutation: You passively map a small area around you. [mutagenic meat]
  7154 | D:8      | Gained mutation: You possess an exceptional clarity of mind. [mutagenic meat]
  7180 | D:8      | Found a staircase to the Lair.
  7348 | D:8      | Reached skill level 12 in Long Blades
  7402 | D:8      | HP: 2/68 [killer bee (7)]
  7403 | D:8      | Slain by a killer bee

Skill      XL: |  1  2  3  4  5  6  7  8  9 10 |
---------------+-------------------------------+-----
Armour         | 3 4 5 6 |  6.4
Dodging        | 1 2 3 4 |  4.9
Long Blades    | 3 4 5 7 9 11 12 | 12.0
Invocations    | 1 2 3 4 5 |  5.9
Fighting       | 4 5 6 |  6.2
Shields        | |  2.6
Evocations     | |  0.2

Action                   |  1- 3 |  4- 6 |  7- 9 | 10-12 || total
-------------------------+-------+-------+-------+-------++-------
Melee: Long sword        |   136 |   167 |   513 |   134 ||   950
Invok: Heroism           |       |       |     3 |       ||     3
Evoke: Wand              |       |       |     3 |       ||     3
  Use: Potion            |       |     2 |     1 |     2 ||     5
       Scroll            |       |     4 |     6 |       ||    10
  Eat: Chunk             |     3 |     7 |     7 |     4 ||    21
       Bread ration      |       |       |     2 |       ||     2
Armor: Scale mail        |    28 |       |       |       ||    28
       Chain mail        |    27 |    85 |   275 |    89 ||   476
Dodge: Dodged            |    35 |    35 |   128 |    46 ||   244
Block: Shield            |    77 |    62 |   255 |    64 ||   458
